 Dungeon Crawl Stone Soup version 0.27.1-4-g1640c2035a (webtiles) character file.

Game seed: 3204498599963970641

35 tizbic2 the Stinger (level 3, -4/24 HPs)
             Began as a Demonspawn Venom Mage on Nov 14, 2021.
             Slain by an iguana (12 damage)
             ... on level 4 of the Dungeon.
             The game lasted 00:08:09 (1754 turns).

tizbic2 the Stinger (Demonspawn Venom Mage)         Turns: 1754, Time: 00:08:10

Health: -4/24      AC:  6    Str:  9    XL:     3   Next: 17%
Magic:  6/6        EV: 10    Int: 16    God:
Gold:   69         SH:  0    Dex: 13    Spells: 5/6 levels left

rFire    + . .     SeeInvis .   b - +0 spear
rCold    . . .     Faith    .   (no shield)
rNeg     . . .     Spirit   .   d - +1 ring mail {rF+}
rPois    .         Reflect  .   (no helmet)
rElec    .         Harm     .   (no cloak)
rCorr    .         Rampage  .   (no gloves)
Will     .....                  (no boots)
Stlth    +.........             (no amulet)
HPRegen  0.08/turn              (no ring)
MPRegen  0.10/turn              (no ring)

@: no status effects
A: spiny 1
a: no special abilities


You were on level 4 of the Dungeon.
You visited 1 branch of the dungeon, and saw 3 of its levels.

You collected 69 gold pieces.

Inventory:

Hand Weapons
 b - a +0 spear (weapon)
Armour
 a - a +0 robe
 d - a +1 ring mail of fire resistance (worn)
Wands
 h - a wand of iceblast (5)
Potions
 c - a potion of degeneration {unknown}
 f - a potion of curing
 g - a potion of mutation {unknown}


   Skills:
 + Level 0.2 Fighting
 * Level 1.2 Polearms
 * Level 0.8 Armour
 + Level 2.1 Dodging
 - Level 1.7 Stealth
 + Level 2.2 Spellcasting
 + Level 0.9 Transmutations
 + Level 3.2 Poison Magic


You had 5 spell levels left.
You knew the following spells:

 Your Spells              Type           Power      Damage    Failure   Level
a - Sting                 Tmut/Pois      32%        1d4       24%         1

Your spell library contained the following spells:

 Spells                   Type           Power      Damage    Failure   Level
 Poisonous Vapours        Pois/Air       12%        N/A       41%         2
 Mephitic Cloud           Conj/Pois/Air  5%         N/A       73%         3
 Olgreb's Toxic Radiance  Pois           12%        N/A       83%         4


Dungeon Overview and Level Annotations

Branches:
Dungeon (2/15)

Altars:
Kikubaaqudgha

Annotations:
D:2 Sigmund


Innate Abilities, Weirdness & Mutations

You are partially covered in sharp spines.


Message History

Increase (S)trength, (I)ntelligence, or (D)exterity?
You feel stronger.
You hit the iguana but do no damage.
The iguana is lightly wounded.
The iguana bites you!
Ouch! That really hurt!
You barely miss the iguana.
The iguana is lightly wounded.
The iguana barely misses you.
You hit the iguana.
The iguana is moderately wounded.
The iguana bites you.
* * * LOW HITPOINT WARNING * * *
You hit the iguana.
The iguana is moderately wounded.
The iguana bites you.
* * * LOW HITPOINT WARNING * * *
It was a potion of curing.
You feel better. The iguana closely misses you.
Press: ? - help, v - describe, . - travel The floor.
As you read the scroll labelled MEUQAUFFEI, it crumbles to dust.
The creatures around you are filled with an inner flame!
It was a scroll of immolation.
The iguana closely misses you.
A worm comes into view.
Reach: b) +0 spear
Press: ? - help, Dir - move target, f - iguana
Aim: an iguana (moderately wounded, inner flame, about 37% to evade your +0 spear)
You reach to attack!
You barely miss the iguana.
The iguana is moderately wounded.
The iguana's inner flame fades away.
Found 18 stones.
The iguana hisses menacingly.
The iguana bites you.
* * * LOW HITPOINT WARNING * * *
Found a stone staircase leading up.
The iguana hisses menacingly.
There is a stone staircase leading up here.
The iguana bites you!
Ouch! That really hurt!
You die...

########
#.##############......##
........................
#..####.####.##...###.##
#.# #.##......... #.#
#.##...##....
####.##..............
#...l...(.......#..##
#...@##.#.##.#.......
#....# .#.##.#.....##
#....# #.....## #....#
.#.....## ###.##
#......... .. ........##
.. ........## ##.
#......... ..........


You could see an iguana.

Vanquished Creatures
  An adder (D:4)
  3 ball pythons
  5 endoplasms (D:1)
  A giant cockroach (D:1)
  2 goblins (D:1)
  3 hobgoblins (D:1)
  11 rats (D:1)
26 creatures vanquished.

Vanquished Creatures (others)
  5 toadstools (D:1)
5 creatures vanquished.

Grand Total: 31 creatures vanquished

Notes
Turn   | Place    | Note
-------+----------+-------------------------------------------
     0 | D:1      | tizbic2 the Demonspawn Venom Mage began the quest for the
                  | Orb.
     0 | D:1      | Reached XP level 1. HP: 13/13 MP: 3/3
   818 | D:1      | Gained mutation: You are partially covered in sharp spines.
                  | [demonic ancestry]
   818 | D:1      | Reached XP level 2. HP: 18/19 MP: 1/5
  1174 | D:1      | Reached skill level 1 in Polearms
  1272 | D:2      | Noticed Sigmund
  1563 | D:2      | Found an ancient bone altar of Kikubaaqudgha.
  1617 | D:2      | Found a faded altar of an unknown god.
  1680 | D:2      | You fall into a shaft and drop 2 floors!
  1695 | D:4      | Reached XP level 3. HP: 24/24 MP: 6/6
  1754 | D:4      | Slain by an iguana

Illustrated notes

Levels and vault maps discovered:
D:1:      ldierk_walled_garden, layout_basic, minmay_rat_gold_closets
D:2:      layout_loops_ring, ebering_ecumenical_altar_hall, basic_altar,
          grunt_decor_clamped, solitary_fountain, minmay_box_of_dots,
          uniq_sigmund
D:4:      layout_basic, mainiacjoe_overflow_concentric_impassable

Skill      XL: |  1  2 |
---------------+-------+-----
Dodging        | 2 |  2.1
Polearms       | 1 |  1.2
Fighting       | |  0.2
Armour         | |  0.8
Stealth        | |  1.7
Spellcasting   | |  2.2
Transmutations | |  0.9
Poison Magic   | |  3.2

Action                   || total
-------------------------++-------
Melee: Spear             ||    63
 Cast: Sting             ||     6
  Use: Potion            ||     2
       Scroll            ||     1
 Stab: Sleeping          ||     2
Armor: Ring mail         ||    25
       Robe              ||     2
Dodge: Dodged            ||    23
